NCAA
GEORGIA BULLDOGS @ MICHIGAN STATE SPARTANS
05/05/2025
 
TOP OF THE 1ST
Georgia Bulldogs batting - Pitching for Michigan State Spartans : RHP Brad Clay
Pitching: RHP Brad Clay
Batting: LHB Marv Alexander 0-0: Called Strike
0-1: Ball
1-1: Ball
2-1: Called Strike
2-2: Strikes out swinging
Batting: RHB Juan Estrada 0-0: Bunted foul
0-1: Ball
1-1: Ball
2-1: Ground out 6-3 (Groundball, 6S)
Batting: RHB Nick Harris 0-0: Ball
1-0: Foul Ball, location: 2F
1-1: Called Strike
1-2: Ball
2-2: Ball
3-2: Foul Ball, location: 2F
3-2: Fly out, F7 (Flyball, 78S)
Top of the 1st over - 0 run(s), 0 hit(s), 0 error(s), 0 left on base; Georgia 0 - Michigan State 0
BOTTOM OF THE 1ST
Michigan State Spartans batting - Pitching for Georgia Bulldogs : LHP Brian Hodges
Pitching: LHP Brian Hodges
Batting: RHB Jorge Carranza 0-0: Called Strike
0-1: Ball
1-1: Swinging Strike
1-2: Ball
2-2: Ball
3-2: Strikes out looking
Batting: LHB Troy Jackson 0-0: Ball
1-0: Swinging Strike
1-1: Fly out, F6 (Popup, 8RS)
Batting: RHB Ryan Miller 0-0: Ball
1-0: Ground out 6-3 (Groundball, 6M)
Bottom of the 1st over - 0 run(s), 0 hit(s), 0 error(s), 0 left on base; Georgia 0 - Michigan State 0
TOP OF THE 2ND
Georgia Bulldogs batting - Pitching for Michigan State Spartans : RHP Brad Clay
Batting: RHB Francisco Rodríguez 0-0: Called Strike
0-1: Called Strike
0-2: Ball
1-2: Ball
2-2: Ball
3-2: Base on Balls
Batting: RHB John Dyer 0-0: Called Strike
Francisco Rodríguez steals 2nd base
0-1: Swinging Strike
0-2: Ball
1-2: Strikes out looking
Batting: RHB Tom Stoltz 0-0: Ball
Throwing error on steal attempt, E2
Francisco Rodríguez scores
1-0: Fly out, F9 (Flyball, 9D)
Batting: RHB Michael Stevenson 0-0: Ball
1-0: Called Strike
1-1: Ball
2-1: Ball
3-1: Hit by Pitch
Batting: RHB Bryce Dougherty 0-0: Ball
Wild Pitch!
Michael Stevenson to second
1-0: Foul Ball, location: 2F
1-1: Ball
2-1: Fly out, F7 (Popup, 6D)
Top of the 2nd over - 1 run(s), 0 hit(s), 1 error(s), 1 left on base; Georgia 1 - Michigan State 0
BOTTOM OF THE 2ND
Michigan State Spartans batting - Pitching for Georgia Bulldogs : LHP Brian Hodges
Batting: RHB Andrew Holmes 0-0: Called Strike
0-1: Ball
1-1: Foul Ball, location: 2F
1-2: Strikes out swinging
Batting: RHB Arthur Hopkins 0-0: Called Strike
0-1: SINGLE (Groundball, 34D)
Batting: RHB Clinton Cook 0-0: Ball
Throwing error on steal attempt, E2
Arthur Hopkins to third
1-0: Ball
2-0: Called Strike
2-1: Ball
3-1: Swinging Strike
3-2: Strikes out swinging
Batting: RHB Herman O'Gleason 0-0: Ground out 3-1 (Groundball, 34)
Bottom of the 2nd over - 0 run(s), 1 hit(s), 1 error(s), 1 left on base; Georgia 1 - Michigan State 0
TOP OF THE 3RD
Georgia Bulldogs batting - Pitching for Michigan State Spartans : RHP Brad Clay
Batting: RHB Mario Barker 0-0: Ball
1-0: Ball
2-0: Ball
3-0: Called Strike
3-1: Bunted foul
3-2: Ground out 1-3 (Groundball, 23)
Batting: LHB Marv Alexander 0-0: Ball
1-0: Foul Ball, location: 2F
1-1: Foul Ball, location: 2F
1-2: Ball
2-2: Ball
3-2: Ground out 4-3 (Groundball, 4M)
Batting: RHB Juan Estrada 0-0: Ground out 6-3 (Groundball, 6)
Top of the 3rd over - 0 run(s), 0 hit(s), 0 error(s), 0 left on base; Georgia 1 - Michigan State 0
BOTTOM OF THE 3RD
Michigan State Spartans batting - Pitching for Georgia Bulldogs : LHP Brian Hodges
Batting: RHB Nick Whitehead 0-0: Ball
1-0: Swinging Strike
1-1: Ball
2-1: Ball
3-1: TRIPLE (Flyball, 78M)
Batting: LHB Cliff Mills 0-0: Swinging Strike
0-1: Fly out, F8 (Flyball, 8LM)
Runner from 3rd tags up, SCORES, no throw
Batting: RHB Jorge Carranza 0-0: Ball
1-0: Foul Ball, location: 2F
1-1: Ball
2-1: Foul Ball, location: 2F
2-2: Ball
3-2: Base on Balls
Batting: LHB Troy Jackson 0-0: Called Strike
0-1: SINGLE (Line Drive, 7S)
Jorge Carranza to second
Batting: RHB Ryan Miller 0-0: Called Strike
0-1: Swinging Strike
0-2: Strikes out looking
Batting: RHB Andrew Holmes 0-0: Foul Ball, location: 2F
0-1: Ground out 6-3 (Groundball, 6)
Bottom of the 3rd over - 1 run(s), 2 hit(s), 0 error(s), 2 left on base; Georgia 1 - Michigan State 1
TOP OF THE 4TH
Georgia Bulldogs batting - Pitching for Michigan State Spartans : RHP Brad Clay
Batting: RHB Nick Harris 0-0: Called Strike
0-1: Ball
1-1: Foul Ball, location: 2F
1-2: Ball
2-2: Foul Ball, location: 2F
2-2: Ball
3-2: Base on Balls
Batting: RHB Francisco Rodríguez 0-0: Called Strike
0-1: Called Strike
0-2: Foul Ball, location: 2F
0-2: Fly out, F7 (Flyball, 78M)
Batting: RHB John Dyer 0-0: Called Strike
0-1: Ball
Nick Harris is caught stealing 2nd base
1-1: SINGLE (Groundball, 5D)
Batting: RHB Tom Stoltz 0-0: Foul Ball, location: 2F
0-1: Foul Ball, location: 2F
0-2: Fly out, F8 (Flyball, 8RM)
Top of the 4th over - 0 run(s), 1 hit(s), 0 error(s), 1 left on base; Georgia 1 - Michigan State 1
BOTTOM OF THE 4TH
Michigan State Spartans batting - Pitching for Georgia Bulldogs : LHP Brian Hodges
Batting: RHB Arthur Hopkins 0-0: Called Strike
0-1: SINGLE (Line Drive, 8LS)
Batting: RHB Clinton Cook 0-0: Ball
1-0: Ball
2-0: Called Strike
2-1: Grounds into double play, 1-6-3 (Groundball, 15)
Batting: RHB Herman O'Gleason 0-0: Ball
1-0: Ball
2-0: Ball
3-0: Called Strike
3-1: Base on Balls
Batting: RHB Nick Whitehead 0-0: Called Strike
0-1: Foul Ball, location: 2F
0-2: Ground out 5-3 (Groundball, 5)
Bottom of the 4th over - 0 run(s), 1 hit(s), 0 error(s), 1 left on base; Georgia 1 - Michigan State 1
TOP OF THE 5TH
Georgia Bulldogs batting - Pitching for Michigan State Spartans : RHP Brad Clay
Batting: RHB Michael Stevenson 0-0: Called Strike
0-1: Foul Ball, location: 2F
0-2: Strikes out swinging
Batting: RHB Bryce Dougherty 0-0: Called Strike
0-1: Foul Ball, location: 2F
0-2: Fly out, F8 (Flyball, 8RS)
Batting: RHB Mario Barker 0-0: Ball
1-0: SINGLE (Groundball, 34D)
Batting: LHB Marv Alexander 0-0: Called Strike
Mario Barker is caught stealing 2nd base
Top of the 5th over - 0 run(s), 1 hit(s), 0 error(s), 0 left on base; Georgia 1 - Michigan State 1
BOTTOM OF THE 5TH
Michigan State Spartans batting - Pitching for Georgia Bulldogs : LHP Brian Hodges
Batting: LHB Cliff Mills 0-0: Swinging Strike
0-1: Ball
1-1: Foul Ball, location: 2F
1-2: Ball
2-2: Fly out, F5 (Popup, 25F)
Batting: RHB Jorge Carranza 0-0: Ball
1-0: Ground out 4-3 (Groundball, 4M)
Batting: LHB Troy Jackson 0-0: Called Strike
0-1: Ball
1-1: Foul Ball, location: 2F
1-2: Strikes out swinging
Bottom of the 5th over - 0 run(s), 0 hit(s), 0 error(s), 0 left on base; Georgia 1 - Michigan State 1
TOP OF THE 6TH
Georgia Bulldogs batting - Pitching for Michigan State Spartans : RHP Brad Clay
Batting: LHB Marv Alexander 0-0: Ground out 4-3 (Groundball, 34)
Batting: RHB Juan Estrada 0-0: DOUBLE (Flyball, 78D)
Batting: RHB Nick Harris 0-0: Foul Ball, location: 2F
0-1: Ball
1-1: Swinging Strike
1-2: Ball
2-2: Ball
3-2: SINGLE (Groundball, 5L)
Juan Estrada to third
Runner from 3rd tries for Home, SAFE, no throw or cutoff
Pitching: RHP Rob Snyder
Batting: RHB Francisco Rodríguez 0-0: Ball
Nick Harris is caught stealing 2nd base
1-0: Ball
2-0: Foul Ball, location: 2F
2-1: Ground out 5-3 (Groundball, 56S)
Top of the 6th over - 1 run(s), 2 hit(s), 0 error(s), 0 left on base; Georgia 2 - Michigan State 1
BOTTOM OF THE 6TH
Michigan State Spartans batting - Pitching for Georgia Bulldogs : LHP Brian Hodges
Batting: RHB Ryan Miller 0-0: Ball
1-0: Ground out 5-3 (Groundball, 5S)
Batting: RHB Andrew Holmes 0-0: Called Strike
0-1: Ball
1-1: Ball
2-1: SINGLE (Groundball, 4)
Batting: RHB Arthur Hopkins 0-0: Called Strike
0-1: Foul Ball, location: 2F
0-2: Ball
1-2: Ball
2-2: Foul Ball, location: 2F
2-2: Ball
3-2: SINGLE (Line Drive, 89S)
Andrew Holmes to second
Pitching: LHP Jack Brown
Batting: RHB Clinton Cook 0-0: Fly out, F8 (Line Drive, 8RD)
Batting: RHB Herman O'Gleason 0-0: Fielders Choice at 2nd, U6 (Groundball, 6M)
Bottom of the 6th over - 0 run(s), 2 hit(s), 0 error(s), 2 left on base; Georgia 2 - Michigan State 1
TOP OF THE 7TH
Georgia Bulldogs batting - Pitching for Michigan State Spartans : RHP Rob Snyder
Batting: RHB John Dyer 0-0: Called Strike
0-1: Ball
1-1: Called Strike
1-2: Strikes out looking
Batting: RHB Tom Stoltz 0-0: Ball
1-0: Foul Ball, location: 2F
1-1: Called Strike
1-2: SINGLE (Groundball, 6D)
Batting: RHB Michael Stevenson 0-0: Foul Ball, location: 2F
0-1: Swinging Strike
0-2: Strikes out looking
Batting: RHB Bryce Dougherty 0-0: Called Strike
0-1: Called Strike
0-2: Ball
1-2: Strikes out swinging
Top of the 7th over - 0 run(s), 1 hit(s), 0 error(s), 1 left on base; Georgia 2 - Michigan State 1
BOTTOM OF THE 7TH
Michigan State Spartans batting - Pitching for Georgia Bulldogs : LHP Jack Brown
Batting: RHB Nick Whitehead 0-0: Ball
1-0: Ball
2-0: Swinging Strike
2-1: Fly out, F8 (Flyball, 8RS)
Batting: LHB Cliff Mills 0-0: Ball
1-0: Ball
2-0: Ball
3-0: Base on Balls
Batting: RHB Jorge Carranza 0-0: Ball
1-0: Called Strike
1-1: Fielders Choice at 2nd, 1-4 (Groundball, 13S)
Batting: LHB Troy Jackson 0-0: Ball
1-0: Fielders Choice at 2nd, 6-4 (Groundball, 6)
Bottom of the 7th over - 0 run(s), 0 hit(s), 0 error(s), 0 left on base; Georgia 2 - Michigan State 1
TOP OF THE 8TH
Georgia Bulldogs batting - Pitching for Michigan State Spartans : RHP Rob Snyder
Batting: RHB Mario Barker 0-0: Ball
1-0: Called Strike
1-1: SINGLE (Groundball, 34)
Batting: LHB Marv Alexander 0-0: Ball
1-0: Foul Ball, location: 2F
1-1: Called Strike
1-2: Ball
2-2: Foul Ball, location: 2F
2-2: Ball
3-2: Foul Ball, location: 2F
3-2: Base on Balls
Mario Barker to second
Batting: RHB Juan Estrada 0-0: Called Strike
0-1: Called Strike
0-2: Ball
1-2: Strikes out swinging
Pitching: RHP Nicholas Becker
Batting: RHB Nick Harris 0-0: Ball
1-0: Fly out, F9 (Flyball, 9LD)
Runner from 2nd tags up, SAFE at 3rd, no throw
Batting: RHB Francisco Rodríguez 0-0: Ball
1-0: Called Strike
Marv Alexander steals 2nd base
1-1: Ball
2-1: Called Strike
2-2: Fly out, F8 (Flyball, 8RM)
Top of the 8th over - 0 run(s), 1 hit(s), 0 error(s), 2 left on base; Georgia 2 - Michigan State 1
BOTTOM OF THE 8TH
Michigan State Spartans batting - Pitching for Georgia Bulldogs : LHP Jack Brown
Pitching: RHP Stan Roberts
Batting: RHB Ryan Miller 0-0: Called Strike
0-1: Called Strike
0-2: Ball
1-2: Ball
2-2: Strikes out swinging
Batting: RHB Andrew Holmes 0-0: Ground out 5-3 (Groundball, 15S)
Batting: RHB Arthur Hopkins 0-0: Called Strike
0-1: Ball
1-1: Ball
2-1: Swinging Strike
2-2: Ground out 3-1 (Groundball, 3)
Bottom of the 8th over - 0 run(s), 0 hit(s), 0 error(s), 0 left on base; Georgia 2 - Michigan State 1
TOP OF THE 9TH
Georgia Bulldogs batting - Pitching for Michigan State Spartans : RHP Nicholas Becker
Pitching: LHP Carlos Martínez
Batting: RHB John Dyer 0-0: Reached on error, E4 (Groundball, 4)
Batting: RHB Tom Stoltz 0-0: Called Strike
0-1: Bunted foul
0-2: Strikes out swinging
Batting: RHB Michael Stevenson 0-0: Called Strike
0-1: Ball
1-1: Foul Ball, location: 2F
1-2: Foul Ball, location: 2F
1-2: Ball
2-2: Ball
3-2: Strikes out swinging
Batting: RHB Bryce Dougherty 0-0: Ball
1-0: Foul Ball, location: 2F
1-1: Swinging Strike
1-2: Strikes out swinging
Top of the 9th over - 0 run(s), 0 hit(s), 1 error(s), 1 left on base; Georgia 2 - Michigan State 1
BOTTOM OF THE 9TH
Michigan State Spartans batting - Pitching for Georgia Bulldogs : RHP Stan Roberts
Pitching: RHP Don Kennedy
Batting: RHB Clinton Cook 0-0: Called Strike
0-1: Swinging Strike
0-2: Ball
1-2: Ball
2-2: Ball
3-2: Strikes out swinging
Batting: RHB Herman O'Gleason 0-0: Ball
1-0: Ball
2-0: Called Strike
2-1: Called Strike
2-2: Foul Ball, location: 2F
2-2: Fly out, F7 (Flyball, 7M)
Batting: RHB Nick Whitehead 0-0: Called Strike
0-1: Ball
1-1: Called Strike
1-2: Foul Ball, location: 2F
1-2: Ball
2-2: Ball
3-2: Base on Balls
Batting: LHB Cliff Mills 0-0: Ball
1-0: Ball
2-0: Ball
Pickoff Throw to First - Out!
Bottom of the 9th over - 0 run(s), 0 hit(s), 0 error(s), 0 left on base; Georgia 2 - Michigan State 1
This league is powered by Out of the Park Baseball, the baseball management simulation game for PC, Mac and Linux
Tuesday, August 2nd, 2016 - OOTP Baseball 16.8 Build 38